 Dungeon Sprint DCSS version 0.27-a0-1051-g288ea87c7c (webtiles) character file.

Game seed: 4667108497140157470

19591 mhtbhm the Scorcher (level 12, -2/59 HPs)
             Began as a Deep Elf Fire Elementalist on Apr 20, 2021.
             Was the Champion of Vehumet.
             Killed from afar by a frost giant (19 damage)
             ... with a bolt of cold
             ... in the Dungeon (Sprint V: "Ziggurat Sprint").
             The game lasted 00:09:24 (1856 turns).

mhtbhm the Scorcher (Deep Elf Fire Elementalist)    Turns: 1856, Time: 00:09:24

Health: -2/59      AC: 13    Str: 12    XL:     12   Next: 37%
Magic:  18/37      EV: 17    Int: 32    God:    Vehumet [******]
Gold:   0          SH:  0    Dex: 15    Spells: 28/50 levels left

rFire    + + .     SeeInvis .   C - +8 lance "Wyrmbane" {slay drac, rPois rF+ rC+ AC+3}
rCold    + . .     Faith    .   (no shield)
rNeg     . . .     Spirit   .   a - +2 robe {rF+}
rPois    +         Reflect  .   (no helmet)
rElec    .         Harm     .   (no cloak)
rCorr    .         Rampage  +   w - +1 pair of gloves of Hospitality {Contam Str+5}
Will     +....     NoTele   +   E - +3 pair of seven-league boots {Rampage+∞}
Stlth    +++.......             (no amulet)
HPRegen  0.19/turn              u - +6 ring of intelligence
MPRegen  0.25/turn              G - ring "Ywoemim" {Wiz +Blink Str+2}

@: studying Crossbows
A: no striking features
a: Renounce Religion, Evoke Blink


You were in the Dungeon.
You worshipped Vehumet.
Vehumet was exalted by your worship.
You visited 1 branch

Inventory:

Hand Weapons
 C - the +8 lance "Wyrmbane" (weapon) {slay drac, rPois rF+ rC+ AC+3}
   (You found it in the Dungeon)

   It affects your AC (+3).
   It protects you from fire.
   It protects you from cold.
   It protects you from poison.
 M - the +9 staff of Wucad Mu {*channel}
   (You found it in the Dungeon)
Missiles
 D - 4 throwing nets
Armour
 a - a +2 robe of fire resistance (worn)
 w - the +1 pair of gloves of Hospitality (worn) {Contam Str+5}
   (You found it in the Dungeon)

   It affects your strength (+5).
   It causes magical contamination when unequipped.
 E - the +3 pair of seven-league boots (worn) {Rampage+∞}
   (You found it in the Dungeon)
Jewellery
 u - a +6 ring of intelligence (left hand)
 G - the ring "Ywoemim" (right hand) {Wiz +Blink Str+2}
   (You found it in the Dungeon)

   [ring of wizardry]

   It improves your spell success rate.
   It affects your strength (+2).
   It lets you blink.
Wands
 x - a wand of paralysis (12)
 y - a wand of mindburst (7)
 z - a wand of iceblast (13)
 A - a wand of acid (7)
Scrolls
 h - 3 scrolls of blinking
 m - 4 scrolls of amnesia
 n - 7 scrolls of fog
 o - a scroll of holy word
 p - 5 scrolls of identify
 q - 2 scrolls of fear
 v - 2 scrolls of brand weapon
Potions
 b - 2 potions of brilliance
 c - 10 potions of curing
 d - 9 potions of heal wounds
 e - 6 potions of haste
 f - 7 potions of magic
 g - 3 potions of berserk rage
 i - 2 potions of invisibility
 j - 4 potions of resistance
 k - a potion of experience
 l - 6 potions of might
Miscellaneous
 r - a piece from Xom's chessboard (15/15)
 s - a condenser vane
 t - a phantom mirror
 B - a lightning rod (4/4)
 F - a piece from Xom's chessboard (15/15)
 H - a tin of tremorstones (2/2)
 I - a box of beasts


   Skills:
 + Level 2.6 Polearms
 + Level 10.7 Dodging
 - Level 6.3 Stealth
 + Level 19.6 Spellcasting
 + Level 17.0 Conjurations
 + Level 20.5 Fire Magic
 + Level 11.2 Evocations


You had 28 spell levels left.
You knew the following spells:

 Your Spells              Type           Power      Damage    Failure   Level
a - Foxfire               Conj/Fire      100%       2x1d9     0%          1
b - Conjure Flame         Conj/Fire      100%       6-21      0%          3
c - Inner Flame           Hex/Fire       77%        N/A       1%          3
d - Sticky Flame          Conj/Fire      100%       2d11      0%          4
e - Fireball              Conj/Fire      50%        3d20      0%          5
f - Iron Shot             Conj/Erth      36%        9d7       1%          6

Your spell library contained the following spells:

 Spells                   Type           Power      Damage    Failure   Level
 Bolt of Magma            Conj/Fire/Erth 42%        4d18      1%          5
 Apportation              Tloc           62%        N/A       1%          1
 Corona                   Hex            34%        N/A       1%          1
 Sandblast                Erth           62%        2d14      1%          1
 Sting                    Tmut/Pois      100%       1d8       1%          1
 Summon Small Mammal      Summ           100%       N/A       1%          1
 Blink                    Tloc           N/A        N/A       1%          2
 Call Imp                 Summ           31%        N/A       1%          2
 Corpse Rot               Necr/Air       N/A        N/A       1%          2
 Ensorcelled Hibernation  Hex/Ice        62%        N/A       1%          2
 Passwall                 Tmut/Erth      25%        N/A       1%          2
 Poisonous Vapours        Pois/Air       62%        N/A       1%          2
 Slow                     Hex            31%        N/A       1%          2
 Sublimation of Blood     Necr           15%        N/A       1%          2
 Call Canine Familiar     Summ           31%        N/A       1%          3
 Confusing Touch          Hex            31%        N/A       1%          3
 Dazzling Flash           Conj/Hex       100%       N/A       1%          3
 Gell's Gravitas          Tloc           15%        N/A       1%          3
 Ignite Poison            Fire/Tmut/Pois 66%        N/A       1%          3
 Lesser Beckoning         Tloc           15%        N/A       1%          3
 Mephitic Cloud           Conj/Pois/Air  61%        N/A       1%          3
 Portal Projectile        Hex/Tloc       62%        N/A       1%          3
 Summon Guardian Golem    Hex/Summ       31%        N/A       1%          3
 Teleport Other           Tloc           31%        N/A       1%          3
 Tukima's Dance           Hex            31%        N/A       1%          3
 Olgreb's Toxic Radiance  Pois           31%        N/A       1%          4
 Conjure Ball Lightning   Conj/Air       36%        3x3d12    1%          6
 Spellforged Servitor     Conj/Summ      36%        N/A       3%          7
 Cause Fear               Hex            15%        N/A       4%          4
 Dispel Undead            Necr           31%        3d14      4%          4
 Leda's Liquefaction      Hex/Erth       15%        N/A       4%          4
 Passage of Golubria      Tloc           N/A        N/A       4%          4
 Petrify                  Tmut/Erth      31%        N/A       4%          4
 Summon Ice Beast         Ice/Summ       31%        N/A       4%          4
 Summon Lightning Spire   Summ/Air       31%        N/A       4%          4
 Yara's Violent Unravell  Hex/Tmut       15%        3d8       4%          5
 Agony                    Necr           31%        N/A       13%         5
 Alistair's Intoxication  Tmut/Pois      20%        N/A       13%         5
 Excruciating Wounds      Necr           15%        N/A       13%         5
 Manifold Assault         Tloc           31%        N/A       13%         5
 Metabolic Englaciation   Hex/Ice        15%        N/A       13%         5
 Silence                  Hex/Air        15%        N/A       13%         5
 Dispersal                Tloc           15%        N/A       54%         6
 Dragon Form              Tmut           15%        N/A       98%         7
 Malign Gateway           Summ/Tloc      15%        N/A       98%         7
 Borgnjor's Revivificati  Necr           15%        N/A       100%        8
 Disjunction              Tloc           15%        N/A       100%        8
 Infestation              Necr           15%        N/A       100%        8
 Necromutation            Tmut/Necr      15%        N/A       100%        8
 Death's Door             Necr           15%        N/A       100%        9
 Dragon's Call            Summ           15%        N/A       100%        9
 Tornado                  Air            15%        N/A       100%        9


Dungeon Overview and Level Annotations

Branches:
Dungeon (1/1)

Altars:
Ashenzari
Cheibriados
Dithmenos
Elyvilon
Fedhas
Gozag
Hepliaklqana
Kikubaaqudgha
Makhleb
Nemelex Xobeh
Okawaru
Qazlal
Ru
Sif Muna
Trog
Uskayaw
Vehumet
Wu Jian
Xom
Yredelemnul
Zin
The Shining One
Beogh
Jiyva
Lugonu


Message History

You feel your power returning.
The fireball engulfs the frost giant!
The frost giant is moderately wounded.
The fireball engulfs the frost giant!!
The frost giant is almost dead.
The frost giant points at you and mumbles some strange words.
The bolt of cold hits you!! You resist. The frost giant casts a spell at you.
The bolt of cold hits you! You resist.
* * * LOW HITPOINT WARNING * * *
Unknown command.
Unknown command.
Unknown command.
Casting: Fireball (safe; 0% risk of failure)
Confirm with . or Enter, or press ? or * to list all spells.
Okay, then.
You feel much better. The frost giant casts a spell at you.
The bolt of cold misses you. The frost giant casts a spell at you.
The bolt of cold hits the frost giant!
The frost giant resists.
The bolt of cold hits you! You resist.
Unknown command.
Casting: Fireball (safe; 0% risk of failure)
Confirm with . or Enter, or press ? or * to list all spells.
Aiming: Fireball (safe; 0% risk of failure)
Press: ? - help, Shift-Dir - straight line, f - frost giant
Aim: a frost giant, wielding a +0 battleaxe of freezing (heavily wounded)
The fireball explodes!
The fireball engulfs the frost giant!!
The frost giant is severely wounded.
The white imp gestures at you. The puff of frost hits you. You resist.
* * * LOW HITPOINT WARNING * * *
The frost giant points at you and mumbles some strange words.
The bolt of cold misses you. The frost giant casts a spell at you.
The bolt of cold hits the frost giant!
The frost giant resists.
The bolt of cold misses you. The frost giant casts a spell at you.
The bolt of cold hits you!! You resist.
You die...

▓.▓....▓.▓.
▓...![:}::..▓...©....▓.
▓...........▓▓▓▓▓▓▓▓▓▓▓
▓...........▓...8©8...▓
.....C.C...▓..[=.....▓
..5....†. ▓...[)=...▓
▓..C..▓ ▓.........▓
▓▓...▓▓ ▓....†....▓
▓..▓..@..▓..▓.........▓
▓.....©.....▓.........▓
▓▓▓▓▓▓▓▓▓▓▓▓▓.▓.....▓.▓
▓....8©8....▓....©....▓
▓..[[[[=))..▓▓▓▓▓▓▓▓▓▓▓
▓...)..)....▓...8©8...▓
▓...........▓...).)}..▓
▓...........▓..).[)...▓
▓...........▓.....)...▓


You could see 3 frost giants and a white imp.

Vanquished Creatures
  Frances (D)
  Donald (D)
  A frost giant (D)
  A blizzard demon (D)
  Josephine (D)
  A yaktaur captain (D)
  A hydra (D)
  Harold (D)
  A centaur warrior (D)
  Nergalle (D)
  A skeletal warrior (D)
  Pikel (D)
  2 cyclopes (D)
  An elephant (D)
  3 black mambas (D)
  A cane toad (D)
  A freezing wraith (D)
  A komodo dragon (D)
  2 rime drakes (D)
  2 polar bears (D)
  8 merfolk (D)
  Prince Ribbit (D)
  4 wind drakes (D)
  2 yaks (D)
  A basilisk (D)
  3 hell hounds (D)
  5 water moccasins (D)
  Purgy (D)
  4 black bears (D)
  2 necrophages (D)
  6 ice beasts (D)
  A phantom (D)
  4 centaurs (D)
  A bullfrog (D)
  3 wights (D)
  A quasit (D)
  2 orc priests (D)
  2 iron imps (D)
  Terence (D)
  A shadow imp (D)
  A white imp (D)
  An ufetubus (D)
  An adder zombie (D)
  A ball python (D)
  3 bat skeletons (D)
  A bat zombie (D)
  2 jackals (D)
  3 ball python skeletons (D)
  A giant cockroach zombie (D)
  A jackal zombie (D)
  A quokka skeleton (D)
  A quokka zombie (D)
95 creatures vanquished.

Notes
Turn   | Place    | Note
-------+----------+-------------------------------------------
     0 | D        | mhtbhm the Deep Elf Fire Elementalist began the quest for
                  | the Orb.
     0 | D        | Reached XP level 1. HP: 10/10 MP: 6/6
     0 | D        | Found a blossoming altar of Fedhas.
     1 | D        | Found the +6 Majin-Bo {vamp, MP+6 Int+6}
     1 | D        | Found the +9 heavy crossbow "Sniper" {vorpal, Acc+∞ SInv}
     1 | D        | Found the +10 dark maul {vorpal}
     1 | D        | Found the +15 Maxwell's patent armour {-Cast -Tele rElec
                  | Will+ rCorr}
     1 | D        | Found the +18 shield of the Gong {rElec rN+ Will+ EV-5}
     1 | D        | Found the +14 obsidian axe {vorpal, Drain Fly SInv}
     1 | D        | Found the +7 great mace "Firestarter" {inner flame, rF++}
     1 | D        | Found the +6 shillelagh "Devastator" {shatter}
     1 | D        | Found the +11 plutonium sword {Contam Stlth-}
     1 | D        | Found the +8 lance "Wyrmbane" {slay drac, rPois rF+ rC+
                  | AC+3}
     1 | D        | Found the +9 sword of Zonguldrok {reap}
     1 | D        | Found the +13 scythe of Curses {drain, Drain}
     1 | D        | Found the +5 sword of Power {vorpal}
     1 | D        | Found the +7 mace of Variability {chain chaos}
     1 | D        | Found the +7 Singing Sword {vorpal, sonic wave}
     1 | D        | Found the +8 storm bow {elec, penet}
     1 | D        | Found a shimmering blue altar of Sif Muna.
     1 | D        | Found a sacrificial altar of Ru.
     1 | D        | Found a bloodstained altar of Trog.
     1 | D        | Found a stormy altar of Qazlal.
     1 | D        | Found an iron altar of Okawaru.
     1 | D        | Found a sparkling altar of Nemelex Xobeh.
     3 | D        | Found a transporter.
     3 | D        | Found an ancient bone altar of Kikubaaqudgha.
     3 | D        | Found a viscous altar of Jiyva.
     3 | D        | Found a corrupted altar of Lugonu.
     3 | D        | Found a hazy altar of Hepliaklqana.
     3 | D        | Found a burning altar of Makhleb.
     3 | D        | Found an opulent altar of Gozag.
    37 | D        | Became a worshipper of Vehumet
    57 | D        | Entered arena 2.
    57 | D        | Noticed an orc priest
    57 | D        | Noticed an orc priest
    57 | D        | Found a transporter.
    58 | D        | Killed an orc priest
    59 | D        | Reached skill level 5 in Fire Magic
    59 | D        | Reached XP level 2. HP: 15/15 MP: 6/9
    59 | D        | Reached XP level 3. HP: 19/19 MP: 7/11
    60 | D        | Reached skill level 5 in Spellcasting
    60 | D        | Reached skill level 6 in Fire Magic
    98 | D        | Learned a level 3 spell: Conjure Flame
   102 | D        | Learned a level 3 spell: Inner Flame
   104 | D        | Entered arena 3.
   104 | D        | Noticed a water moccasin
   104 | D        | Noticed a water moccasin
   104 | D        | Found a transporter.
   105 | D        | Reached * piety under Vehumet
   105 | D        | Offered knowledge of Sandblast by Vehumet.
   108 | D        | Killed a water moccasin
   109 | D        | Reached skill level 5 in Dodging
   109 | D        | Reached skill level 9 in Fire Magic
   109 | D        | Reached skill level 1 in Evocations
   109 | D        | Reached XP level 4. HP: 20/24 MP: 11/14
   109 | D        | Reached XP level 5. HP: 23/28 MP: 12/16
   109 | D        | Killed a water moccasin
   110 | D        | Reached skill level 5 in Stealth
   110 | D        | Reached skill level 10 in Fire Magic
   110 | D        | Reached XP level 6. HP: 27/32 MP: 12/18
   174 | D        | Learned a level 4 spell: Sticky Flame
   180 | D        | Learned a level 5 spell: Fireball
   182 | D        | Entered arena 4.
   182 | D        | Noticed a yak
   182 | D        | Found a transporter.
   183 | D        | Reached ** piety under Vehumet
   184 | D        | Reached skill level 11 in Fire Magic
   187 | D        | Killed a yak
   226 | D        | Entered arena 5.
   226 | D        | Found a transporter.
   227 | D        | Reached *** piety under Vehumet
   228 | D        | Reached skill level 12 in Fire Magic
   228 | D        | Reached XP level 7. HP: 32/36 MP: 16/21
   229 | D        | Reached skill level 10 in Spellcasting
   229 | D        | Reached skill level 13 in Fire Magic
   258 | D        | Entered arena 6.
   258 | D        | Found a transporter.
   259 | D        | Offered knowledge of Magic Dart by Vehumet.
   259 | D        | Reached **** piety under Vehumet
   262 | D        | Reached XP level 8. HP: 36/41 MP: 24/24
   264 | D        | Reached ***** piety under Vehumet
   300 | D        | Entered arena 7.
   300 | D        | Noticed a wind drake
   300 | D        | Noticed a merfolk
   300 | D        | Noticed a merfolk
   300 | D        | Noticed a wind drake
   300 | D        | Noticed a merfolk
   303 | D        | Killed a wind drake
   304 | D        | Reached skill level 14 in Fire Magic
   304 | D        | Reached skill level 5 in Evocations
   304 | D        | Killed a merfolk
   304 | D        | Killed a merfolk
   304 | D        | Killed a wind drake
   305 | D        | Reached skill level 1 in Polearms
   305 | D        | Reached skill level 15 in Fire Magic
   305 | D        | Killed a merfolk
   306 | D        | Reached XP level 9. HP: 20/45 MP: 16/26
   309 | D        | Found a transporter.
   320 | D        | Got the Handbook of the Escort and Orientation
   470 | D        | Entered arena 8.
   470 | D        | Noticed a yaktaur captain
   470 | D        | Noticed a centaur warrior
   470 | D        | Noticed a cyclops
   470 | D        | Noticed a cyclops
   471 | D        | Offered knowledge of Static Discharge by Vehumet.
   473 | D        | Killed a cyclops
   473 | D        | Reached ****** piety under Vehumet
   473 | D        | Killed a centaur warrior
   473 | D        | Killed a cyclops
   474 | D        | Reached skill level 10 in Dodging
   474 | D        | Reached skill level 5 in Conjurations
   474 | D        | Reached skill level 16 in Fire Magic
   475 | D        | Killed a yaktaur captain
   476 | D        | Reached skill level 17 in Fire Magic
   476 | D        | Reached XP level 10. HP: 5/50 MP: 15/29
   543 | D        | Found a transporter.
   770 | D        | Entered arena 9.
   771 | D        | Offered knowledge of Dazzling Flash by Vehumet.
   775 | D        | Found a transporter.
   949 | D        | Got the +1 pair of gloves of Hospitality {Contam Str+5}
   956 | D        | Got the ring "Vihem" {Contam rF++ Will+}
   978 | D        | Entered arena 10.
   979 | D        | Identified the +11 war axe of Exquisite Torment {speed,
                  | rPois Str+3}
   979 | D        | Identified the +6 flail of Youthful Indiscretion {holy,
                  | rCorr Dex+9 Stlth-}
   980 | D        | Offered knowledge of Airstrike by Vehumet.
  1063 | D        | Found a transporter.
  1122 | D        | Entered arena 11.
  1124 | D        | Offered knowledge of Iskenderun's Mystic Blast by Vehumet.
  1244 | D        | Found a transporter.
  1256 | D        | Got the ring "Ywoemim" {Wiz +Blink Str+2}
  1275 | D        | Entered arena 12.
  1275 | D        | Noticed Terence
  1275 | D        | Noticed Frances
  1275 | D        | Noticed Pikel
  1275 | D        | Noticed Donald
  1276 | D        | Killed Pikel
  1276 | D        | Offered knowledge of Eringya's Noxious Bog by Vehumet.
  1276 | D        | Noticed Prince Ribbit
  1276 | D        | Noticed Purgy
  1277 | D        | Reached skill level 18 in Fire Magic
  1277 | D        | Noticed Josephine
  1277 | D        | Noticed Nergalle
  1278 | D        | Killed Prince Ribbit
  1278 | D        | Killed Terence
  1278 | D        | Noticed Harold
  1279 | D        | Reached skill level 15 in Spellcasting
  1279 | D        | Reached skill level 10 in Evocations
  1280 | D        | Killed Donald
  1281 | D        | Reached XP level 11. HP: 54/54 MP: 19/32
  1281 | D        | Killed Frances
  1281 | D        | Killed Purgy
  1282 | D        | Killed Nergalle
  1283 | D        | Reached skill level 19 in Fire Magic
  1283 | D        | Killed Josephine
  1284 | D        | Killed Harold
  1368 | D        | Found a transporter.
  1390 | D        | Got the ring "Haf Igh" {rF+ MP+9 Int-5 SInv}
  1397 | D        | Got the Papyrus of Stones and the Escort
  1436 | D        | Learned a level 6 spell: Iron Shot
  1445 | D        | Entered arena 13.
  1446 | D        | Offered knowledge of Lightning Bolt by Vehumet.
  1447 | D        | Noticed a skeletal warrior
  1453 | D        | Killed a skeletal warrior
  1455 | D        | Found the +3 pair of seven-league boots {Rampage+∞}
  1455 | D        | Found a transporter.
  1465 | D        | Got the amulet of Kommoq Ditz {Acrobat rElec Will- Str-3
                  | SInv}
  1470 | D        | Got the Catalogue of Translocation and Poisoning
  1492 | D        | Entered arena 14.
  1572 | D        | Found a transporter.
  1572 | D        | Noticed a five-headed hydra
  1573 | D        | Found the +9 staff of Wucad Mu {*channel}
  1575 | D        | Reached skill level 15 in Conjurations
  1579 | D        | Killed a five-headed hydra
  1580 | D        | Reached skill level 20 in Fire Magic
  1580 | D        | Reached XP level 12. HP: 59/59 MP: 36/36
  1726 | D        | Got the ring "Jughoaf" {EV+4 Str+3}
  1730 | D        | Got the ring of Sosaox {rElec Will+}
  1847 | D        | Entered arena 15.
  1848 | D        | Noticed a frost giant
  1849 | D        | Noticed a blizzard demon
  1849 | D        | Noticed a frost giant
  1850 | D        | Noticed a frost giant
  1850 | D        | Offered knowledge of Bolt of Magma by Vehumet.
  1850 | D        | Noticed a frost giant
  1851 | D        | Killed a blizzard demon
  1853 | D        | Killed a frost giant
  1856 | D        | Killed from afar by a frost giant

Illustrated notes

Levels and vault maps discovered:
D:        sprint_v [room_start, room_1, room_2, room_3, room_4, room_5, room_6,
          room_7, room_8, room_9, room_10, room_11, room_12, room_13, room_14,
          room_15, room_16, room_17, room_18, room_19, room_20, room_21,
          room_22, room_23, room_24, room_25, room_26, room_27]

Skill      XL: |  1  2  3  4  5  6  7  8  9 10 11 12 |
---------------+-------------------------------------+-----
Dodging        | 3 5 6 7 8 9 10 | 10.7
Stealth        | 3 4 5 6 |  6.3
Spellcasting   | 4 6 7 9 10 11 13 15 18 19 | 19.6
Fire Magic     | 5 9 10 12 13 15 17 18 20 | 20.5
Evocations     | 1 2 3 4 6 8 10 11 | 11.2
Conjurations   | 2 4 6 11 16 17 | 17.0
Polearms       | 1 2 |  2.6

Action                   |  1- 3 |  4- 6 |  7- 9 | 10-12 || total
-------------------------+-------+-------+-------+-------++-------
Melee: Lance             |       |       |     1 |     1 ||     2
 Cast: Fireball          |       |     2 |    11 |    37 ||    50
       Sticky Flame      |       |       |       |     3 ||     3
Evoke: Wand              |     3 |       |     1 |     2 ||     6
       Lightning rod     |     3 |     4 |     4 |     3 ||    14
       Condenser vane    |       |       |       |     5 ||     5
  Use: Scroll            |       |       |       |     1 ||     1
       Potion            |       |       |       |     1 ||     1
Armor: Robe              |     1 |       |       |     3 ||     4
Dodge: Dodged            |     3 |       |     3 |    20 ||    26

Table legend: (Time is in decaauts)
 A = Elapsed time spent in this place.
 B = Non-inter-level travel time spent in this place.
 C = Inter-level travel time spent in this place.
 D = Time resting spent in this place.
 E = Time spent auto-exploring this place.
 F = Levels seen in this place.
 G = Mean time per level.
                   A        B        C        D        E       F      G
               +--------+--------+--------+--------+--------+-----+--------+
         Total |   1853 |   1853 |      0 |   1338 |      0 |   1 | 1853.0 |
       Dungeon |   1853 |   1853 |      0 |   1338 |      0 |   1 | 1853.0 |
               +--------+--------+--------+--------+--------+-----+--------+

Top non-repeatable levels by time:
       D: 1853 daAuts
